Map: Galactic Process LE

Players

Mario - Winner!

  • Race: Terran Terran
  • League: Diamond
  • Spawn Location: 7:00

Keen

  • Race: Protoss Protoss
  • League: Diamond
  • Spawn Location: 1:00

VOD

Have the link to the VOD?

Description

Time

  • Played on: Oct. 9, 2016, 5:37 a.m.
  • Length: 20:32
Show
View Real Time Build Order
Export as new Build Order

Mario Terran - Winner!

Build Orders: Reaper Expand, MMM Bio 

Get SALT Encoding   

  12  0:00  SCV  
  13  0:13  SCV  
  14  0:17  Supply Depot  
  14  0:25  SCV  
  15  0:39  SCV  
  15  0:40  Barracks  
  16  0:45  Refinery  
  16  0:54  SCV  
  17  1:06  SCV  
  19  1:18  SCV  
  19  1:28  Reaper  
  19  1:30  Orbital Command  
  20  1:44  Command Center  
  20  1:56  Refinery, SCV  
  20  2:00  Barracks Reactor  
  21  2:08  SCV  
  21  2:10  Supply Depot  
  22  2:17  Barracks  
  22  2:23  SCV  
  23  2:35  Factory, SCV  
  24  2:38  Marine  
  24  2:40  Marine  
  26  2:58  Marine  
  26  2:59  Marine  
  26  3:00  Orbital Command  
  26  3:05  SCV, Engineering Bay  
  29  3:08  Barracks Tech Lab  
  29  3:18  SCV  
  29  3:19  Marine  
  30  3:20  Marine  
  30  3:21  Widow Mine  
  30  3:26  Marine  
  35  3:47  Marine x3  
  37  3:53  Factory Reactor  
  37  3:56  Starport, Terran Infantry Weapons Level 1  
  37  4:05  Marine x2, Bunker  
  37  4:06  Marauder  
  37  4:07  SCV  
  37  4:09  SCV  
  43  4:14  Stimpack  
  43  4:22  Marine  
  43  4:23  Marine  
  45  4:27  SCV  
  46  4:32  Supply Depot  
  46  4:44  Factory Tech Lab  
  46  4:51  Marine, SCV  
  46  4:53  Marine  
  46  4:54  Marauder, Supply Depot  
  46  4:55  Medivac x2  
  46  4:59  Missile Turret  
  53  5:04  Missile Turret  
  53  5:07  SCV  
  54  5:15  SCV  
  54  5:16  Marauder  
  54  5:17  Refinery  
  54  5:18  Refinery  
  57  5:22  Supply Depot  
  57  5:24  Marine x2  
  59  5:29  Siege Tank  
  62  5:43  Viking  
  62  5:44  Marauder, Supply Depot  
  66  5:50  SCV x2, Terran Infantry Armor Level 1  
  68  6:01  Widow Mine  
  68  6:02  Supply Depot  
  70  6:06  SCV x2  
  70  6:07  Marine x2  
  70  6:09  Marauder  
  76  6:15  Combat Shields  
  76  6:18  Viking  
  78  6:25  Marine  
  78  6:26  Marine  
  80  6:34  Liberator x2  
  86  7:01  Marine x2  
  86  7:02  Marauder  
  86  7:03  Command Center  
  86  7:05  Supply Depot  
  90  7:13  Bunker  
  84  7:34  Concussive Shells  
  84  7:35  Marine  
  84  7:36  Marine x2  
  85  7:53  Marine x2  
  85  7:54  Marine  
  84  8:16  Marine  
  84  8:17  Marine x2  
  85  8:34  Marine x2  
  85  8:35  Marine  
  73  8:45  Liberator x2  
  71  8:52  Marine x3  
  73  9:10  Marine x3  
  73  9:12  Barracks  
  73  9:13  Barracks  
  73  9:15  Barracks  
  73  9:16  Barracks  
  74  9:28  Marine  
  74  9:30  Marine  
  74  9:31  Marine  
  73  9:46  Marine  
  73  9:48  Marine  
  75  9:57  Liberator x2  
  72  10:11  Marine x3  
  81  10:29  Marine x3  
  58  10:57  Medivac x2  
  58  11:02  Marine x3  
  56  11:08  Orbital Command  
  53  11:12  Missile Turret  
  53  11:14  SCV x2, Missile Turret  
  53  11:17  Missile Turret  
  55  11:20  Marine x2, Barracks Tech Lab x2  
  55  11:21  Barracks Tech Lab x2  
  57  11:26  SCV x2  
  57  11:29  Engineering Bay  
  57  11:31  Armory  
  59  11:38  SCV x2  
  59  11:39  SCV  
  62  11:43  Refinery  
  62  11:45  Refinery  
  62  11:50  SCV  
  62  11:51  SCV, Supply Depot  
  57  12:11  Marine x3  
  57  12:15  Marauder x4  
  59  12:28  Orbital Command  
  59  12:29  Marauder  
  54  12:31  Medivac x2  
  54  12:36  Marauder  
  58  12:44  Liberator x2  
  53  12:54  Marauder x4, Marine x2  
  53  12:58  Marauder  
  57  13:12  Marine x2  
  45  13:15  Marine x3  
  45  13:16  Marauder  
  45  13:19  Marauder  
  50  13:30  Marine x2  
  50  13:33  Marauder x3  
  58  13:36  Marine  
  58  13:39  SCV x2  
  58  13:40  Marine, SCV  
  63  13:48  Marine x2  
  65  13:51  SCV  
  66  14:11  Bunker  
  66  14:13  Bunker  
  66  14:14  Marauder x5, Marine x2  
  66  14:16  SCV  
  79  14:17  SCV  
  79  14:23  Medivac x2  
  84  14:35  Marauder  
  80  14:44  Marauder x4  
  63  14:53  Medivac  
  63  14:56  Marauder  
  64  15:02  SCV x2  
  57  15:58  Marauder x5, Marine  
  56  16:19  Marauder x2  
  57  16:28  SCV x3  
  57  16:32  Orbital Command  
  58  17:22  Liberator x2  
  43  17:35  Marauder x4, Marine x2  
  43  17:36  Marauder  
  55  17:43  Missile Turret  
  61  17:47  SCV  
  62  17:53  Marine x2, Terran Infantry Weapons Level 2  
  62  17:56  Marine x3  
  69  18:01  Terran Infantry Armor Level 2  
  69  18:05  Liberator x2  
  71  18:13  Marine  
  74  18:34  Starport  
  61  18:59  Liberator x3  
  61  19:06  Marauder x4, Marine x3  
  81  19:23  Command Center  
  81  19:42  Marauder x2, Marine  
  68  20:11  Marauder, Marine  
Show
View Real Time Build Order
Export as new Build Order

Keen Protoss 

Build Orders: 1 Gate Expand, Oracle Opening, Colossus Rush 

Get SALT Encoding   

  12  0:02  Probe (Chrono Boost)  
  13  0:12  Probe (Chrono Boost)  
  14  0:19  Pylon  
  14  0:23  Probe (Chrono Boost)  
  15  0:37  Probe (Chrono Boost)  
  15  0:39  Gateway  
  16  0:48  Probe (Chrono Boost)  
  17  0:52  Assimilator  
  17  0:57  Assimilator  
  17  0:58  Probe (Chrono Boost)  
  18  1:10  Probe (Chrono Boost)  
  19  1:29  Cybernetics Core  
  19  1:41  Nexus  
  19  1:46  Probe (Chrono Boost)  
  20  1:59  Probe (Chrono Boost)  
  20  2:00  Pylon  
  21  2:08  Warp Gate  
  21  2:09  Mothership Core (Chrono Boost)  
  23  2:28  Probe (Chrono Boost)  
  26  2:38  Probe (Chrono Boost)  
  26  2:43  Robotics Facility  
  25  2:49  Probe (Chrono Boost)  
  26  2:54  Probe (Chrono Boost)  
  27  2:59  Probe (Chrono Boost)  
  27  3:00  Stargate  
  27  3:02  Stalker  
  27  3:04  Probe (Chrono Boost)  
  31  3:13  Forge  
  31  3:14  Probe (Chrono Boost)  
  31  3:18  Probe (Chrono Boost)  
  33  3:25  Probe (Chrono Boost)  
  34  3:29  Probe (Chrono Boost)  
  35  3:35  Probe (Chrono Boost)  
  36  3:45  Oracle (Chrono Boost)  
  36  3:47  Observer, Probe  
  39  3:48  Probe  
  41  3:57  Probe  
  41  4:00  Probe  
  43  4:08  Probe  
  44  4:12  Probe, Assimilator  
  44  4:14  Assimilator  
  45  4:28  Probe (Chrono Boost)  
  46  4:33  Pylon  
  46  4:36  Pylon  
  46  4:37  Gateway  
  46  4:40  Gateway  
  46  4:41  Pylon  
  46  4:51  Probe x2 (Chrono Boost)  
  45  4:58  Protoss Ground Weapons Level 1 (Chrono Boost)  
  45  5:00  Stalker  
  45  5:04  Probe x2 (Chrono Boost)  
  49  5:13  Robotics Bay  
  49  5:14  Probe x2 (Chrono Boost)  
  51  5:25  Observer  
  52  5:30  Sentry  
  54  5:40  Stalker  
  54  5:41  Stalker  
  54  5:42  Probe  
  58  5:45  Nexus  
  58  5:47  Pylon  
  59  5:51  Assimilator  
  59  5:53  Colossus (Chrono Boost)  
  59  5:55  Assimilator  
  59  5:57  Photon Cannon  
  59  6:02  Extended Thermal Lance (Chrono Boost)  
  65  6:08  Robotics Facility, Sentry  
  65  6:09  Zealot  
  69  6:24  Zealot, Twilight Council  
  71  6:31  Stalker x2  
  75  6:51  Colossus (Chrono Boost)  
  75  6:54  Zealot  
  83  7:10  Pylon  
  83  7:11  Sentry  
  83  7:12  Sentry  
  87  7:20  Stalker  
  89  7:27  Immortal (Chrono Boost)  
  93  7:35  Zealot x2  
  97  7:43  Zealot  
  99  8:03  Stalker, Immortal  
  100  8:08  Zealot  
  70  8:42  Stalker  
  70  8:43  Stalker x2  
  70  8:44  Probe  
  70  8:45  Probe x2  
  77  8:54  Immortal (Chrono Boost)  
  73  8:59  Immortal (Chrono Boost)  
  75  9:07  Stalker x2  
  75  9:08  Stalker  
  81  9:16  Gateway  
  81  9:18  Gateway  
  81  9:19  Gateway  
  81  9:21  Gateway  
  81  9:22  Gateway  
  65  9:33  Colossus (Chrono Boost)  
  65  9:36  Stalker x3  
  83  9:43  Colossus (Chrono Boost)  
  71  10:03  Stalker x2  
  71  10:04  Zealot  
  75  10:12  Charge  
  75  10:16  Zealot x3  
  81  10:25  Immortal (Chrono Boost)  
  85  10:32  Pylon x2  
  85  10:35  Pylon x2  
  85  10:37  Pylon  
  85  10:38  Immortal (Chrono Boost)  
  74  10:49  Stalker x4  
  62  10:50  Stalker x3  
  62  10:55  Probe x2  
  58  11:08  Pylon  
  58  11:09  Pylon  
  58  11:10  Zealot  
  60  11:17  Sentry  
  60  11:18  Probe  
  62  11:19  Probe x2  
  62  11:20  Zealot x2  
  69  11:28  Probe  
  69  11:31  Probe x2  
  72  11:39  Probe  
  72  11:40  Forge  
  72  11:43  Probe x2  
  72  11:45  Sentry x2  
  72  11:46  Zealot  
  81  11:49  Probe  
  82  11:57  Zealot  
  82  11:58  Zealot x2  
  83  12:12  Stalker x3  
  83  12:26  Stalker x4  
  85  12:31  Stalker  
  85  12:35  Probe x2  
  89  12:44  Immortal (Chrono Boost)  
  83  13:00  Sentry  
  83  13:01  Zealot x3  
  83  13:02  Zealot x2  
  83  13:13  Zealot x2  
  85  13:29  Sentry  
  85  13:30  Sentry x2  
  85  13:32  Zealot  
  87  13:39  Nexus  
  87  13:41  Pylon  
  87  13:53  Sentry x2  
  87  13:54  Zealot x4  
  99  14:00  Probe x2  
  99  14:01  Probe  
  102  14:18  Zealot x4  
  102  14:20  Sentry  
  102  14:22  Sentry  
  99  14:47  Stalker x3  
  99  14:50  Sentry x2  
  99  14:51  Sentry  
  87  15:13  Stalker x2  
  77  15:15  Sentry  
  65  15:23  Stalker  
  65  15:25  Sentry  
  63  15:39  Assimilator  
  63  15:40  Assimilator  
  63  15:41  Sentry  
  62  15:52  Zealot  
  62  15:53  Zealot  
  50  16:12  Stalker x2  
  50  16:13  Zealot  
  52  16:34  Stalker x2  
  52  16:36  Sentry  
  52  16:37  Pylon  
  58  16:44  Sentry  
  58  16:46  Zealot  
  62  17:07  Zealot x3  
  66  17:08  Sentry  
  66  17:10  Sentry  
  64  17:27  Zealot x2  
  64  17:28  Zealot  
  66  17:39  Probe  
  66  17:40  Probe x2  
  69  17:46  Sentry x3  
  75  17:55  Zealot  
  75  17:56  Zealot  
  79  17:59  Sentry  
  79  18:01  Probe  
  82  18:27  Nexus  
  82  18:31  Sentry  
  84  18:36  Sentry  
  66  18:54  Zealot x3  
  70  18:55  Sentry  
  70  18:57  Sentry  
  64  19:03  Zealot  
  64  19:05  Sentry  
  68  19:22  Probe  
  68  19:24  Probe  
  70  19:34  Zealot x2  
  74  19:46  Stalker  
  64  20:03  Stalker x4  
  64  20:09  Zealot  
  64  20:10  Sentry  
Tags
 
Add a new tag
Caveats
  • Supply blocks, unpowered buildings, or Contaminate may cause inaccurate times.
  • Supply counts are checked every 10 seconds.